 Dungeon Crawl Stone Soup version 0.28.0-49-g6dfe1f597d (webtiles) character file.

Game seed: 2998712899195962102

711 Atelerd the Digger (level 7, -3/41 HPs)
             Began as an Octopode Earth Elementalist on May 14, 2022.
             Slain by a scorpion (6 damage)
             ... on level 5 of the Dungeon.
             The game lasted 00:07:58 (5473 turns).

Atelerd the Digger (Octopode Earth Elementalist)    Turns: 5473, Time: 00:08:00

Health: -3/41      AC:  1    Str:  7    XL:     7   Next: 68%
Magic:  10/14      EV: 13    Int: 19    God:
Gold:   200        SH:  0    Dex: 19    Spells: 6/14 levels left

rFire   + . .      SeeInvis .   e - +0 dagger
rCold   . . .      Faith    .   (no shield)
rNeg    . . .      Spirit   .   (helmet restricted)
rPois   .          Reflect  .   (no amulet)
rElec   .          Harm     .   a - +6 ring of dexterity
rCorr   .          Rampage  .   b - ring of protection from fire
Will    .....      Rnd*Tele +   (no ring)
Stlth   ++++......              (no ring)
HPRegen 0.13/turn               (no ring)
MPRegen 0.14/turn               (no ring)
                                (no ring)
                                (no ring)

@: lethally poisoned (-3 -> -12)
A: almost no armour, amphibious, 8 rings, camouflage 1, gelatinous body 1,
(nimble swimmer 1), tentacles, high MP 1, teleportitis 1, wild magic 1,
devolution 1
a: no special abilities


You were on level 5 of the Dungeon.
You visited 1 branch of the dungeon, and saw 5 of its levels.
You also visited: Ossuary.

You collected 200 gold pieces.

Inventory:

Hand Weapons
 e - a +0 dagger (weapon)
Missiles
 m - 26 stones
Jewellery
 a - a +6 ring of dexterity (left tentacle)
 b - a ring of protection from fire (right tentacle)
 t - a ring of willpower
Wands
 d - a wand of flame (5)
Scrolls
 c - a scroll of noise {unknown}
 g - a scroll of identify
 h - 2 scrolls of amnesia {unknown}
 j - a scroll of blinking
 k - 2 scrolls of teleportation {unknown}
 l - a scroll of fog {unknown}
 p - a scroll of immolation {unknown}
 q - 2 scrolls of enchant armour {unknown}
 r - 2 scrolls of fear {unknown}
Potions
 f - a potion of degeneration
 i - a potion of flight
 n - a potion of might


   Skills:
 - Level 0.1 Fighting
 - Level 0.2 Short Blades
 - Level 2.0 Dodging
 - Level 5.0 Stealth
 - Level 1.0 Unarmed Combat
 + Level 4.2 Spellcasting
 * Level 4.2 Transmutations
 + Level 5.3 Earth Magic


You had 6 spell levels left.
You knew the following spells:

 Your Spells              Type           Power      Damage    Failure   Level
a - Sandblast             Erth           62%        2d14      3%          1
b - Swiftness             Air            5%         N/A       47%         3
p - Petrify               Tmut/Erth      28%        N/A       26%         4

Your spell library contained the following spells:

 Spells                   Type           Power      Damage    Failure   Level
 Passwall                 Tmut/Erth      23%        N/A       4%          2
 Stone Arrow              Conj/Erth      36%        3d9       21%         3
 Ensorcelled Hibernation  Hex/Ice        10%        N/A       28%         2
 Gell's Gravitas          Tloc           5%         N/A       47%         3
 Lesser Beckoning         Tloc           5%         N/A       47%         3
 Teleport Other           Tloc           5%         N/A       47%         3
 Iskenderun's Battlesphe  Conj           5%         2d6       99%         5
 Iron Shot                Conj/Erth      9%         9d3       100%        6
 Spellforged Servitor     Conj/Summ      2%         N/A       100%        7


Dungeon Overview and Level Annotations

Branches:
Dungeon (5/15)            Ossuary (visited)
 Temple: D:4-7

Altars:
Xom

Shops:
D:1 (   D:2 [

Annotations:
D:2 exclusion: downstairs


Innate Abilities, Weirdness & Mutations

You cannot wear most types of armour.
You are amphibious.
You can wear up to eight rings at the same time.
Your skin changes colour to match your surroundings (Stealth+).
Your rubbery body absorbs attacks. (AC +1, EV +1)
((You are camouflaged when in or above water. (Stealth+)))
You have tentacles for arms and can constrict up to eight enemies at once.
You have an increased reservoir of magic. (+10% MP)
You are occasionally teleported next to monsters.
Your spells are a little harder to cast, but a little more powerful.
You have hidden genetic defects.


Message History

Casting: Sandblast (safe; 1% risk of failure)
Confirm with . or Enter, or press ? or * to list all spells.
Aiming: Sandblast (safe; 1% risk of failure)
Press: ? - help, Shift-Dir - straight line, f/p - scorpion
Aim: a scorpion (81% to hit)
The blast of sand hits the scorpion!
The scorpion is heavily wounded.
You feel sick. The scorpion misses you.
Unknown command.
Unknown command.
Casting: Sandblast (safe; 1% risk of failure)
Confirm with . or Enter, or press ? or * to list all spells.
Aiming: Sandblast (safe; 1% risk of failure)
Press: ? - help, Shift-Dir - straight line, f/p - scorpion
Aim: a scorpion (heavily wounded, 81% to hit)
The blast of sand misses the scorpion.
You feel sick. The scorpion stings you!
* * * LOW HITPOINT WARNING * * *
You are lethally poisoned!
The scorpion poisons you!
Unknown command.
Casting: Sandblast (safe; 1% risk of failure)
Confirm with . or Enter, or press ? or * to list all spells.
Aiming: Sandblast (safe; 1% risk of failure)
Press: ? - help, Shift-Dir - straight line, f/p - scorpion
Aim: a scorpion (heavily wounded, 81% to hit)
The blast of sand hits the scorpion but does no damage.
The scorpion is heavily wounded.
* * * LOW HITPOINT WARNING * * *
You feel very sick. The scorpion closely misses you.
Unknown command.
Okay, then.
It was a potion of mutation.
You feel extremely strange.
You feel more energetic.
You feel weirdly uncertain.
You feel a hidden malignance growing inside you.
You feel less in control of your magic.
* * * LOW HITPOINT WARNING * * *
You feel very sick. The scorpion barely misses you. The scorpion stings you.
You die...

#.... .Y .. ....##. ..
..##....#. ...
....#.....# ....
..........##...#
...............#
................
.......$@.......
........s..##...
......#.......# ...
#.....#......##....
.#............#.....
............†......
...##.................
..........#.......#...
.##.#........#.......#
.#


You could see an ice beast (asleep) and a scorpion.

Vanquished Creatures
  An ice beast (D:3)
  An ogre (D:4)
  A phantom (D:4)
  A human zombie (Ossuary)
  A bullfrog skeleton (D:4)
  A jelly (D:4)
  An orc priest (D:4)
  A centaur skeleton (D:5)
  An iguana (D:5)
  An orc wizard (D:4)
  2 hound zombies (Ossuary)
  5 mummies
  A howler monkey skeleton (D:4)
  6 adders
  2 ufetubi
  An adder zombie (Ossuary)
  2 worms (D:2)
  3 dart slugs
  8 orcs
  6 ball pythons
  5 bats
  2 endoplasms (D:1)
  2 giant cockroaches
  2 gnoll zombies (Ossuary)
  4 goblins
  5 hobgoblins
  4 jackals (D:4)
  5 kobolds
  4 quokkas
  3 frilled lizards
  2 hobgoblin zombies (Ossuary)
  2 jackal zombies (Ossuary)
  A kobold zombie (Ossuary)
  An orc zombie (Ossuary)
  9 rats
97 creatures vanquished.

Notes
Turn   | Place    | Note
-------+----------+-------------------------------------------
     0 | D:1      | Atelerd the Octopode Earth Elementalist began the quest for
                  | the Orb.
     0 | D:1      | Reached XP level 1. HP: 11/11 MP: 3/3
   272 | D:1      | You fall into a shaft and drop 1 floor!
   283 | D:2      | Reached XP level 2. HP: 17/17 MP: 1/5
   668 | D:2      | Reached XP level 3. HP: 21/21 MP: 2/6
   768 | D:2      | Found Datux's Antique Armour Emporium.
  1220 | D:2      | Reached skill level 1 in Unarmed Combat
  1673 | D:1      | Reached XP level 4. HP: 27/27 MP: 4/8
  1806 | D:1      | Found Tybueh Teo's Antique Weapon Emporium.
  2041 | D:1      | Found a faded altar of an unknown god.
  2979 | D:3      | Found a faded altar of an unknown god.
  2983 | D:3      | Found a shimmering altar of Xom.
  3168 | D:3      | Noticed an ice beast
  3176 | D:3      | Learned a level 3 spell: Swiftness
  3181 | D:3      | Learned a level 4 spell: Petrify
  3198 | D:3      | Killed an ice beast
  3199 | D:3      | Reached XP level 5. HP: 31/31 MP: 5/10
  3453 | D:4      | Reached XP level 6. HP: 23/36 MP: 11/11
  3658 | D:4      | Found a sand-covered staircase.
  3691 | Ossuary  | Entered an ossuary
  4583 | D:4      | Reached skill level 5 in Earth Magic
  4583 | D:4      | Reached XP level 7. HP: 24/41 MP: 4/13
  5373 | D:5      | Entered Level 5 of the Dungeon
  5459 | D:5      | Reached skill level 5 in Stealth
  5473 | D:5      | Gained mutation: You have an increased reservoir of magic.
                  | (+10% MP) [potion of mutation]
  5473 | D:5      | Gained mutation: You are occasionally teleported next to
                  | monsters. [potion of mutation]
  5473 | D:5      | Gained mutation: You have hidden genetic defects. [potion
                  | of mutation]
  5473 | D:5      | Gained mutation: Your spells are a little harder to cast,
                  | but a little more powerful. [potion of mutation]
  5473 | D:5      | Slain by a scorpion

Illustrated notes

Levels and vault maps discovered:
D:1:      eino_arrival_druids_welcome, layout_basic,
          hellmonk_ecumenical_altar_zigzags, serial_shops,
          nicolae_lakefront_shop
D:2:      layout_basic, serial_shops, shop, minmay_misc_feat_plants, hex_large,
          eino_curves_01, ebering_dispersal_statue_hall, minmay_3d_cube
D:3:      layout_rooms, nicolae_overflow_ecumenical_swirl
D:4:      layout_cave_pools, gup_ossuary_entry_pyramid
D:5:      layout_cave_pools, serial_shops, nicolae_shop_bloodbath_and_beyond

Skill      XL: |  1  2  3  4  5  6  7 |
---------------+----------------------+-----
Earth Magic    | 4 5 |  5.3
Unarmed Combat | 1 |  1.0
Spellcasting   | 3 4 |  4.2
Stealth        | 3 4 5 |  5.0
Transmutations | 2 3 4 |  4.2
Fighting       | |  0.1
Short Blades   | |  0.2
Dodging        | |  2.0

Action                   |  1- 3 |  4- 6 |  7- 9 || total
-------------------------+-------+-------+-------++-------
Melee: Unarmed           |    16 |       |       ||    16
       Constrict         |    14 |    19 |     1 ||    34
       Tentacles         |     4 |    23 |       ||    27
       Punch             |     1 |     1 |       ||     2
       Dagger            |    17 |    76 |     6 ||    99
 Cast: Sandblast         |    36 |    59 |    29 ||   124
       Petrify           |       |     1 |       ||     1
  Use: Potion            |       |     4 |     5 ||     9
       Scroll            |       |     6 |       ||     6
 Stab: Sleeping          |     4 |     8 |       ||    12
       Petrified         |       |     7 |       ||     7
Armor: Skin              |     3 |     6 |     3 ||    12
Dodge: Dodged            |    35 |    94 |    35 ||   164
